AoeStats
← flipster

Arabia

505488133Analyzed
1v1 RM · 24d ago on Sep 9, 2026· 102m 56s· 2 players
Game mode
Random Map
Map size
Tiny (2 player)
Population
200
Speed
Normal
Resources
Standard
Victory
Conquest
Starting age
Dark Age
Ending age
Imperial Age
RankedLock teamsTeams togetherTeam positionsShared explorationLock speedFull tech treeHidden civsTurbo modeCheats
Victory
Defeat
🇨🇳 Franks · China
866
+17
🇸🇪 Byzantines · Sweden
889
-17
雕龙
11:06 Feudal Age
11:37 Double-Bit Axe
17:36 Castle Age
20:08 Loom
22:45 Forging
27:23 Wheelbarrow
28:03 Pikeman
29:07 Husbandry
30:17 Hand Cart
33:28 Iron Casting
36:25 Imperial Age
34:24 Squires
37:11 Bow Saw
38:30 Blast Furnace
37:36 Scale Barding Armor
37:45 Chivalry
38:04 Herbal Medicine
38:39 Scale Mail Armor
38:50 Arrowslits
39:01 Murder Holes
38:44 Cavalier
39:22 Fletching
39:30 Gold Mining
41:40 Chain Mail Armor
41:45 Chain Barding Armor
41:36 Halberdier
43:59 Plate Mail Armor
44:04 Plate Barding Armor
43:01 Light Cavalry
44:45 Chemistry
44:06 Ballistics
43:45 Arson
44:30 Stone Mining
46:23 Conscription
47:29 Bodkin Arrow
47:34 Padded Archer Armor
47:58 #83
47:41 Elite Throwing Axeman
48:19 Elite Skirmisher
51:19 Leather Archer Armor
51:51 Gold Shaft Mining
53:22 Paladin
55:27 Siege Engineers
57:33 Devotion
76:25 Town Watch
80:12 Town Patrol
83:49 Capped Ram
100:18 Siege Engineers
100:25 Masonry
flipster
3:17 Loom
12:50 Feudal Age
18:27 Castle Age
17:17 Forging
16:49 Horse Collar
17:04 Double-Bit Axe
17:43 Gold Mining
17:57 Stone Mining
18:37 Forging
20:47 Husbandry
21:16 Heavy Plow
24:35 Wheelbarrow
25:45 Iron Casting
25:45 Scale Barding Armor
27:10 Hand Cart
27:40 Fervor
30:20 Chain Barding Armor
31:14 Fervor
33:34 Scale Mail Armor
33:49 Bow Saw
34:15 Gold Shaft Mining
34:15 Stone Shaft Mining
34:41 Devotion
35:03 Chain Mail Armor
34:46 Light Cavalry
35:55 Sanctity
37:07 Redemption
39:44 Imperial Age
38:32 Fletching
38:42 Padded Archer Armor
39:06 Atonement
40:02 Bodkin Arrow
40:22 Leather Archer Armor
39:57 Heavy Camel Rider
39:58 Cavalier
41:10 Guilds
41:33 Faith
41:33 Paladin
43:09 Plate Barding Armor
43:56 Crop Rotation
44:26 Two-Man Saw
44:36 Chemistry
43:01 Crossbowman
43:46 Thumb Ring
45:05 Bracer
45:35 Ring Archer Armor
45:33 Conscription
46:31 Illumination
47:38 Plate Mail Armor
47:16 Elite Cataphract
48:18 Arbalester
48:48 Elite Skirmisher
51:41 Logistica
51:31 Greek Fire
51:47 Logistica
51:25 Onager
54:29 Pikeman
55:10 Squires
54:55 Gambesons
55:22 Halberdier
55:47 Arson
57:48 Theocracy
70:19 Bombard Tower
95:02 Man-at-Arms
95:29 Capped Ram
Connection lost

Rejoining the realm…

Still unreachable

The connection could not be restored.

Session expired

The server has moved on; the page needs a fresh start.